AoeStats
← nonoleboss

Arabia

509847452Analyzed
1v1 RM · 4d ago on Sep 28, 2026· 33m 32s· 2 players
Game mode
Random Map
Map size
Tiny (2 player)
Population
200
Speed
Normal
Resources
Standard
Victory
Conquest
Starting age
Dark Age
Ending age
Imperial Age
RankedLock teamsTeams togetherTeam positionsShared explorationLock speedFull tech treeHidden civsTurbo modeCheats
Victory
Defeat
🇨🇭 Burgundians · Switzerland
1344
+19
🇫🇷 Franks · France
1404
-19
nonoleboss
6:16 Loom
9:45 Feudal Age
10:30 Double-Bit Axe
14:11 Wheelbarrow
15:34 Fletching
17:16 Padded Archer Armor
22:47 Castle Age
21:59 Forging
23:19 Scale Barding Armor
25:45 Husbandry
27:14 Scale Mail Armor
28:14 Town Watch
30:13 Squires
32:16 Hand Cart
31:34 Pikeman
NinjaPenguin
3:30 Double-Bit Axe
6:08 Loom
9:20 Feudal Age
10:21 Bow Saw
10:41 Horse Collar
16:56 Wheelbarrow
16:44 Fletching
21:42 Castle Age
20:34 Forging
20:46 Gold Mining
20:47 Stone Mining
21:43 Cavalier
24:08 Scale Barding Armor
25:36 Hand Cart
26:51 Heavy Plow
27:55 Gold Shaft Mining
27:35 Husbandry
28:20 Chain Barding Armor
Connection lost

Rejoining the realm…

Still unreachable

The connection could not be restored.

Session expired

The server has moved on; the page needs a fresh start.